Map: [ESL] Babylon

Players

SpeCial - Winner!

  • Race: Terran Terran

Solar

  • Race: Zerg Zerg

Event: IEM Katowice 2023

VOD

Have the link to the VOD?

Description

Time

  • Played on: Feb. 10, 2023, 2:48 p.m.
  • Length: 17:22

All games in this series

Show
View Real Time Build Order
Export as new Build Order

SpeCial Terran - Winner!

Build Orders:  

Get SALT Encoding   

  12  0:00  SCV  
  13  0:12  SCV  
  14  0:17  Supply Depot  
  14  0:24  SCV  
  15  0:39  SCV  
  15  0:41  Barracks  
  16  0:43  Refinery  
  16  0:51  SCV  
  17  0:59  Barracks  
  17  1:04  SCV  
  18  1:16  SCV  
  19  1:28  Orbital Command, Reaper  
  20  1:46  Reaper  
  21  1:48  Supply Depot  
  21  1:54  SCV  
  22  2:03  Reaper  
  23  2:09  SCV  
  23  2:14  Command Center, Refinery  
  24  2:18  Marine  
  24  2:21  SCV  
  26  2:33  SCV  
  26  2:35  Marine  
  28  2:39  Factory  
  28  2:45  Supply Depot  
  28  2:47  SCV  
  29  2:51  Barracks Reactor  
  29  2:55  Barracks Tech Lab  
  29  2:59  SCV  
  30  3:11  SCV  
  31  3:23  SCV  
  31  3:24  Command Center  
  32  3:28  Orbital Command  
  32  3:37  Starport  
  32  3:38  SCV  
  32  3:40  Marine  
  34  3:43  Factory Tech Lab  
  34  3:45  Marine  
  34  3:47  Marine  
  36  3:51  SCV  
  36  3:54  Stimpack  
  37  3:56  SCV  
  37  4:02  Marine  
  39  4:03  Marine  
  39  4:04  SCV  
  39  4:08  Marine  
  39  4:09  SCV  
  43  4:16  SCV  
  44  4:20  Marine  
  44  4:21  Cloaking Field, SCV  
  44  4:23  Banshee  
  49  4:28  SCV  
  49  4:29  Marine x2  
  52  4:32  Factory Reactor  
  52  4:33  SCV  
  52  4:37  Barracks  
  53  4:40  SCV  
  53  4:41  Orbital Command  
  54  4:49  Marine x2  
  54  4:50  Marine  
  54  4:51  SCV  
  54  4:52  SCV  
  56  4:55  Supply Depot  
  56  4:57  Orbital Command  
  56  5:03  SCV  
  56  5:04  SCV  
  56  5:06  Banshee  
  61  5:07  Marine x3  
  64  5:15  SCV  
  64  5:16  SCV  
  64  5:17  Factory Reactor  
  64  5:18  Supply Depot  
  66  5:23  SCV  
  66  5:24  Marine  
  66  5:25  Marine, Refinery  
  66  5:27  Engineering Bay  
  69  5:29  Engineering Bay  
  69  5:31  Marine, Refinery  
  70  5:36  SCV  
  70  5:37  SCV  
  70  5:38  SCV  
  70  5:39  Combat Shield  
  70  5:42  Marine  
  73  5:43  Marine  
  73  5:48  SCV, Supply Depot  
  73  5:49  Marine x3, SCV  
  80  5:57  SCV  
  80  6:00  Marine, Terran Infantry Armor Level 1, Terran Infantry Weapons Level 1, SCV  
  80  6:01  Marine  
  84  6:06  Marine  
  84  6:08  Marine  
  84  6:09  Marine  
  84  6:11  Medivac x2  
  87  6:17  SCV x2  
  91  6:18  SCV  
  91  6:21  Marine  
  91  6:22  Supply Depot  
  93  6:26  Barracks x2  
  93  6:37  Marine  
  93  6:39  Marine  
  93  6:44  Marine x2, Siege Tank, SCV x3  
  101  6:52  Marine  
  101  6:53  Medivac x2  
  86  6:54  Marine  
  86  6:56  SCV x3  
  86  6:57  Marine  
  86  6:59  Supply Depot  
  91  7:02  Marine  
  93  7:08  SCV  
  93  7:14  Barracks Reactor x2  
  93  7:15  SCV x2  
  95  7:16  Siege Tank  
  95  7:17  Marine  
  95  7:18  Command Center  
  95  7:19  Marine  
  95  7:20  Marine  
  95  7:22  SCV  
  102  7:26  Marine, Armory  
  102  7:27  SCV  
  102  7:28  Refinery  
  104  7:30  Marine  
  104  7:35  Marine  
  106  7:37  Marine x2  
  106  7:40  Sensor Tower, SCV  
  109  7:44  Supply Depot  
  109  7:49  Marine, SCV  
  108  7:52  Marine  
  108  7:57  Factory  
  109  7:59  SCV x2  
  109  8:00  Supply Depot  
  109  8:01  Marine  
  109  8:02  SCV  
  109  8:03  Marine x3  
  107  8:07  Medivac  
  107  8:08  Medivac  
  107  8:11  SCV  
  107  8:12  SCV  
  108  8:14  SCV  
  109  8:21  Marine x6  
  109  8:24  SCV x2  
  109  8:26  SCV, Supply Depot  
  118  8:29  Siege Tank  
  118  8:31  Marine x2  
  118  8:33  Marine  
  124  8:36  SCV x2  
  124  8:38  SCV  
  124  8:39  Terran Infantry Armor Level 2  
  127  8:42  Marine x2  
  127  8:48  Marine, SCV x2  
  130  8:50  Factory Reactor  
  130  8:51  Marine  
  133  8:57  Marine  
  133  9:00  Planetary Fortress, SCV x2  
  133  9:01  Supply Depot x2  
  133  9:02  Marine  
  137  9:04  Marine  
  137  9:07  Marine x2  
  137  9:08  Marauder  
  137  9:09  Marine  
  141  9:15  Siege Tank  
  141  9:16  Marine x2  
  147  9:19  Marine  
  147  9:20  Marine  
  147  9:21  SCV  
  147  9:22  Marine, SCV  
  150  9:25  Drilling Claws, Supply Depot  
  150  9:29  Marine x2  
  150  9:31  SCV  
  153  9:33  SCV  
  153  9:34  SCV  
  153  9:35  Widow Mine x2  
  153  9:36  Sensor Tower  
  159  9:39  Marine x2  
  159  9:40  Marine x3  
  159  9:43  Marine  
  159  9:44  Marine  
  166  9:47  Terran Infantry Weapons Level 2, Widow Mine  
  166  9:48  Marine  
  166  9:49  Marine  
  170  9:56  Widow Mine x2  
  170  9:57  Marine, Supply Depot  
  170  9:58  Marine x2  
  177  10:03  Marauder  
  179  10:09  SCV  
  179  10:10  Supply Depot  
  179  10:12  Supply Depot  
  179  10:14  Medivac  
  179  10:18  Medivac  
  179  10:19  Widow Mine  
  183  10:23  Barracks  
  183  10:25  Barracks  
  183  10:26  Marine, Barracks, Marauder  
  183  10:28  Widow Mine x2  
  185  10:30  Marine x2  
  185  10:31  Marine  
  185  10:32  Marine x3  
  185  10:34  Marine  
  192  10:40  Widow Mine  
  193  10:44  Marine  
  193  10:48  Marine x2, Marauder  
  193  10:49  Marine x3, Widow Mine x2  
  194  10:50  Marine  
  194  10:53  Marine  
  198  10:58  Sensor Tower  
  198  11:00  Command Center  
  198  11:02  Widow Mine  
  183  11:20  Marine x2  
  183  11:21  Marine x2, Barracks Tech Lab x2, Marauder  
  183  11:24  Widow Mine  
  183  11:25  Terran Infantry Armor Level 3  
  183  11:26  Marine  
  183  11:27  Widow Mine  
  176  11:34  Marine x2  
  176  11:35  Widow Mine  
  176  11:39  Marine  
  170  11:42  Marauder  
  170  11:44  Marauder  
  170  11:45  Widow Mine  
  176  11:48  Widow Mine  
  150  11:54  Marine x2, Marauder  
  150  11:57  Widow Mine  
  150  11:59  Marine x4  
  150  12:00  Marine x2  
  159  12:04  Marauder  
  159  12:05  Marauder  
  159  12:06  Medivac x2  
  159  12:07  Widow Mine  
  169  12:10  Barracks Tech Lab, Widow Mine  
  169  12:12  Marine x2  
  172  12:16  Marauder  
  172  12:17  Marine x4, Terran Infantry Weapons Level 3  
  172  12:18  Marine x2, Widow Mine  
  182  12:25  Marauder  
  182  12:27  SCV, Marauder  
  182  12:28  Widow Mine  
  182  12:29  Marine  
  189  12:30  Marauder  
  189  12:31  Widow Mine  
  189  12:34  Marine  
  189  12:36  Marine x2  
  197  12:37  Marauder  
  197  12:39  Planetary Fortress  
  199  12:48  Marine, Marauder x2  
  199  12:49  Widow Mine  
  199  12:51  Marauder, Widow Mine  
  183  12:53  Widow Mine  
  183  12:54  Marine  
  183  12:55  Medivac x2  
  183  12:57  Marine x2  
  183  12:58  SCV x2  
  176  12:59  Marauder  
  176  13:00  Marine  
  176  13:03  Marine  
  179  13:07  Marine x3  
  179  13:09  Marauder  
  179  13:10  Marauder  
  179  13:11  Widow Mine  
  179  13:12  Marine, Widow Mine  
  191  13:13  Marauder  
  191  13:17  Marine  
  172  13:20  Marauder  
  172  13:23  Marine  
  172  13:25  Widow Mine  
  172  13:26  Marine x2  
  164  13:30  Marine x2  
  164  13:31  Marauder x2  
  164  13:33  Liberator x2  
  174  13:34  Marine, Marauder  
  174  13:39  Marine x2  
  179  13:41  Marauder  
  179  13:42  Marine  
  182  13:52  Marine, Marauder x2  
  182  13:53  Widow Mine x2  
  185  13:56  Marauder  
  185  13:59  Widow Mine  
  191  14:03  Marauder  
  191  14:07  Marine  
  177  14:13  Marine  
  177  14:14  Widow Mine, Marauder x2  
  177  14:15  Widow Mine  
  186  14:17  Marauder  
  186  14:20  Marine x2, Widow Mine  
  186  14:21  Liberator x2  
  186  14:22  Marine x2  
  200  14:29  Concussive Shells  
  194  14:35  Marauder x2  
  194  14:36  Command Center, Widow Mine x2  
  168  14:42  Marine x2, Marauder, Widow Mine  
  168  14:45  Marine, Marauder  
  171  14:46  Marine x2  
  171  14:49  Marine x2  
  175  14:56  Marauder x2  
  175  14:57  Widow Mine x2  
  175  14:58  Marine  
  175  14:59  Marine  
  184  15:00  Marine  
  184  15:02  Marine  
  184  15:03  Marauder, Liberator, Widow Mine  
  184  15:04  Liberator  
  184  15:07  Marauder  
  199  15:11  Marine  
  197  15:19  Marine  
  197  15:20  Marauder  
  197  15:22  SCV x2  
  197  15:23  Marauder  
  197  15:27  Marauder  
  198  15:48  Marine, Medivac x2  
  198  15:49  Marauder  
  192  15:50  Widow Mine  
  192  15:53  Marine, Marauder  
  192  15:54  Marine x2, Marauder  
  182  15:57  Widow Mine  
  182  15:58  Widow Mine  
  182  15:59  Marine, Marauder  
  182  16:02  Marine  
  185  16:10  Marine, Marauder  
  185  16:11  Widow Mine  
  185  16:14  Marine, Marauder  
  185  16:15  Marauder  
  185  16:18  Medivac x2  
  182  16:19  Widow Mine  
  182  16:20  Widow Mine  
  164  16:30  Marine, Marauder  
  166  16:33  Widow Mine  
  166  16:38  Marine, Marauder  
  144  16:40  Widow Mine  
  144  16:42  Marine  
  144  16:43  Marauder  
  144  16:44  Marine, Marauder, Widow Mine  
  146  16:47  Marine  
  146  16:48  Medivac  
  146  16:51  Marine  
  146  16:52  Marauder  
  146  16:54  Widow Mine  
  146  16:58  Marine  
  146  16:59  Marine  
  146  17:00  Marauder  
Show
View Real Time Build Order
Export as new Build Order

Solar Zerg 

Build Orders: Hatch First 

Get SALT Encoding   

  12  0:00  Drone  
  13  0:12  Overlord  
  13  0:18  Drone  
  14  0:31  Drone x2  
  16  0:49  Hatchery  
  15  0:52  Drone  
  15  0:56  Drone  
  17  1:00  Drone  
  18  1:10  Extractor  
  17  1:15  Spawning Pool  
  17  1:18  Drone  
  17  1:21  Drone  
  18  1:27  Drone  
  19  1:39  Drone  
  20  1:49  Drone  
  21  2:01  Queen x2  
  21  2:02  Zergling x4  
  27  2:12  Zergling x2  
  27  2:13  Metabolic Boost  
  27  2:14  Overlord  
  28  2:27  Spore Crawler  
  27  2:34  Hatchery  
  27  2:35  Zergling x2  
  27  2:38  Drone  
  28  2:44  Queen  
  28  2:47  Drone  
  31  2:51  Overlord  
  31  2:56  Drone  
  31  2:57  Drone  
  33  3:00  Drone  
  33  3:04  Drone  
  35  3:11  Drone x3  
  38  3:13  Zergling x2  
  38  3:15  Drone  
  38  3:17  Drone  
  41  3:22  Overlord  
  41  3:27  Queen  
  41  3:32  Overlord  
  43  3:42  Drone x3  
  43  3:43  Queen  
  43  3:46  Drone x2  
  43  3:47  Drone  
  51  3:53  Queen  
  51  3:55  Drone  
  54  3:58  Drone x2  
  54  4:02  Overlord  
  56  4:05  Drone x2  
  56  4:09  Baneling Nest  
  57  4:12  Drone x2  
  57  4:15  Drone x2  
  61  4:20  Queen  
  61  4:22  Drone x2  
  61  4:23  Drone  
  66  4:25  Drone  
  66  4:26  Drone  
  66  4:29  Overlord  
  68  4:33  Queen  
  68  4:35  Drone  
  68  4:38  Zergling x4  
  73  4:42  Evolution Chamber  
  73  4:49  Drone x2  
  73  4:51  Drone x7  
  80  4:55  Extractor x2  
  80  4:56  Lair  
  80  4:58  Overlord  
  78  5:06  Drone x4  
  82  5:09  Evolution Chamber x2  
  82  5:12  Extractor, Drone x2  
  82  5:13  Overlord, Drone  
  82  5:17  Overlord  
  82  5:18  Drone x2  
  82  5:20  Drone  
  82  5:21  Drone x2  
  87  5:24  Drone  
  87  5:29  Zergling x4  
  87  5:31  Overlord  
  89  5:36  Zergling x4  
  89  5:39  Zergling x4  
  89  5:42  Hatchery, Zergling x6  
  95  5:47  Zergling x4, Zerg Ground Armor Level 1  
  95  5:48  Zergling x2  
  98  5:52  Zergling x4  
  98  5:56  Centrifugal Hooks  
  99  5:57  Baneling  
  99  5:58  Overlord, Baneling x4  
  99  6:01  Zergling x6  
  101  6:05  Drone  
  101  6:06  Zergling x4  
  101  6:08  Zerg Melee Weapons Level 1  
  101  6:11  Zergling x4  
  106  6:12  Overlord  
  106  6:14  Drone x3  
  106  6:16  Drone x2  
  106  6:18  Baneling x3  
  111  6:19  Zergling x2  
  111  6:21  Zergling x2  
  111  6:22  Overlord  
  113  6:29  Baneling x3  
  113  6:31  Zergling x4  
  114  6:33  Overseer  
  114  6:35  Spore Crawler  
  114  6:37  Drone  
  107  6:41  Drone x4  
  107  6:45  Zergling x4  
  107  6:46  Spore Crawler  
  106  6:51  Drone x3  
  106  6:56  Spore Crawler  
  106  6:57  Queen  
  106  6:58  Drone x2  
  106  7:00  Spore Crawler  
  108  7:02  Zergling x4  
  108  7:05  Overlord  
  108  7:06  Drone  
  108  7:08  Drone x2  
  112  7:09  Drone  
  112  7:10  Drone x2  
  114  7:19  Zergling x6  
  114  7:22  Overlord, Overseer  
  117  7:25  Drone x2, Zergling x2  
  120  7:30  Zergling x12  
  120  7:33  Overlord  
  120  7:34  Baneling x11  
  120  7:36  Baneling x5  
  120  7:37  Baneling x3  
  125  7:38  Baneling  
  125  7:40  Drone, Hatchery  
  125  7:42  Zergling x6  
  125  7:43  Zergling x4  
  130  7:49  Zergling x8  
  133  7:52  Zerg Ground Armor Level 2  
  133  7:55  Zergling x6  
  135  7:58  Zergling x8  
  135  8:05  Zergling x4  
  135  8:09  Infestation Pit, Drone x2  
  135  8:10  Drone  
  131  8:18  Zergling x20  
  141  8:21  Drone  
  141  8:22  Overlord, Zergling x2  
  141  8:26  Zergling x6  
  146  8:27  Baneling x2  
  146  8:29  Overlord  
  146  8:32  Drone x3  
  149  8:37  Pneumatized Carapace  
  149  8:39  Zergling x2  
  149  8:40  Extractor  
  149  8:41  Drone  
  150  8:42  Drone  
  150  8:43  Zergling x8  
  150  8:46  Hive  
  155  8:49  Zergling x2  
  155  8:50  Zergling x4  
  155  8:53  Overlord  
  155  8:54  Zergling x2  
  155  8:55  Zergling x12  
  165  8:58  Baneling x3  
  165  9:03  Drone, Spore Crawler  
  165  9:04  Drone  
  165  9:05  Zergling x6  
  167  9:16  Queen  
  165  9:17  Drone x3  
  165  9:19  Spore Crawler, Zergling x18  
  177  9:24  Baneling x7  
  177  9:27  Zergling x8  
  177  9:29  Overlord  
  181  9:34  Drone  
  181  9:39  Overlord  
  181  9:41  Overlord  
  181  9:42  Overlord  
  181  9:47  Overlord  
  181  9:50  Drone x3  
  184  9:53  Zergling x10  
  184  9:55  Baneling x8  
  184  9:58  Zergling x16  
  197  10:01  Hatchery  
  196  10:10  Zergling x8  
  196  10:13  Zerg Ground Armor Level 3  
  199  10:14  Zerg Melee Weapons Level 2  
  199  10:16  Adrenal Glands  
  197  10:23  Viper  
  197  10:26  Zergling x14  
  197  10:27  Zergling x4  
  198  10:28  Overseer  
  198  10:37  Zergling x2  
  198  10:38  Hatchery  
  197  10:43  Baneling x2  
  197  10:53  Hatchery  
  197  10:54  Overseer  
  197  10:56  Ultralisk Cavern  
  195  10:57  Drone x3, Spire  
  195  10:58  Drone x2  
  195  11:01  Extractor  
  198  11:06  Drone x2  
  198  11:12  Overseer  
  198  11:15  Drone x3  
  164  11:18  Zergling x2  
  164  11:19  Zergling x24  
  172  11:26  Baneling x7  
  172  11:28  Zergling x16  
  174  11:33  Zergling x6  
  174  11:38  Zergling x10  
  176  11:41  Zergling x2  
  176  11:42  Zergling x2  
  175  11:50  Ultralisk, Zergling x2  
  175  11:51  Zergling x4  
  166  11:54  Chitinous Plating  
  166  11:56  Zergling x12  
  152  12:02  Zergling x8  
  152  12:03  Zergling x2  
  152  12:06  Baneling x4, Viper  
  152  12:07  Zergling x6  
  152  12:08  Zergling x4  
  162  12:11  Zergling x2  
  162  12:12  Baneling x2  
  162  12:14  Zergling x4  
  162  12:15  Extractor  
  164  12:18  Zergling x8  
  164  12:22  Zergling x4  
  170  12:28  Zergling x8  
  167  12:30  Queen, Zergling x10  
  167  12:36  Zergling x14  
  179  12:42  Zergling x8  
  179  12:43  Baneling x8  
  183  12:48  Zergling x6  
  183  12:49  Zergling x10  
  165  12:54  Zergling x18  
  156  12:59  Ultralisk x2, Zergling x4  
  156  13:03  Baneling x3  
  156  13:05  Zergling x16  
  176  13:08  Zergling x4  
  176  13:09  Zergling x2  
  177  13:13  Anabolic Synthesis  
  177  13:14  Zergling x6  
  177  13:15  Zerg Melee Weapons Level 3  
  177  13:18  Zergling x6  
  165  13:23  Zergling x12  
  165  13:29  Zergling x10  
  165  13:33  Zergling x16  
  170  13:37  Zergling x6  
  170  13:38  Baneling x23  
  170  13:39  Baneling x3  
  172  13:43  Zergling x8  
  172  13:46  Viper, Zergling x6  
  176  13:51  Zergling x8  
  176  13:53  Zergling x2  
  176  13:54  Zergling x4  
  169  13:58  Zergling x12  
  169  14:02  Hatchery  
  171  14:05  Zergling x20  
  171  14:06  Viper  
  163  14:14  Ultralisk, Zergling x4  
  163  14:16  Drone x2  
  169  14:18  Corruptor x2  
  169  14:20  Zerg Flyer Weapons Level 1  
  169  14:23  Zergling x6  
  176  14:27  Zergling x12  
  176  14:28  Baneling x4  
  178  14:36  Zergling x14  
  178  14:37  Zergling x4  
  179  14:41  Corruptor x2  
  179  14:44  Corruptor  
  179  14:48  Corruptor  
  181  14:54  Zergling x14  
  181  14:55  Baneling x2  
  181  14:56  Baneling  
  181  14:58  Baneling x5  
  188  15:01  Baneling x4  
  186  15:08  Corruptor  
  186  15:09  Zergling x12  
  185  15:15  Zergling x12  
  185  15:19  Zergling x8  
  185  15:21  Burrow  
  192  15:23  Zergling x6  
  192  15:26  Zergling x6  
  192  15:30  Zergling x6  
  192  15:34  Zergling x4  
  185  15:37  Zergling x6  
  181  15:43  Zergling x10  
  175  15:51  Ultralisk  
  175  15:55  Zergling x2  
  165  16:01  Zergling x2  
  165  16:02  Zergling x12  
  155  16:07  Zergling x4  
  155  16:08  Zergling x2  
  146  16:13  Zergling x8  
  146  16:16  Zergling x4  
  137  16:22  Zergling x4  
  120  16:27  Zergling x6  
  118  16:32  Zergling x2  
  118  16:33  Zergling x6  
  118  16:37  Zergling x2  
  118  16:38  Zergling x4  
  109  16:40  Zergling x2  
  109  16:44  Zergling x4  
  102  16:50  Zergling x6  
  90  16:54  Zergling x2  
  90  16:55  Baneling x2  
  90  16:57  Zergling x2  
  90  17:00  Zergling x2  
  89  17:03  Zergling x4  
  89  17:05  Zergling x2  

Tags
 
Add a new tag
Caveats
  • Supply blocks, unpowered buildings, or Contaminate may cause inaccurate times.
  • Supply counts are checked every 10 seconds.